 Dungeon Crawl Stone Soup version 0.29.1-13-g9f3cf754e1 (webtiles) character file.

Game seed: 16150534008422023797

35 javelincjr the Digger (level 3, -4/27 HPs)
             Began as a Draconian Earth Elementalist on Jan 24, 2023.
             Slain by Terence
             ... wielding a +0 morningstar
              (14 damage)
             ... on level 2 of the Dungeon.
             The game lasted 00:03:33 (1840 turns).

javelincjr the Digger (DrEE)                        Turns: 1840, Time: 00:03:35

Health: -4/27      AC:  5    Str: 10    XL:     3   Next: 16%
Magic:  1/6        EV: 12    Int: 17    God:
Gold:   93         SH:  0    Dex: 11    Spells: 5/6 levels left

rFire   . . .      SeeInvis .   e - +2 dagger (protect)
rCold   . . .      Faith    .   (no shield)
rNeg    . . .      Spirit   .   (body armour unavailable)
rPois   .          Reflect  .   (helmet restricted)
rElec   .          Harm     .   (no cloak)
rCorr   .          Rampage  .   (no gloves)
Will    .....                   (no boots)
Stlth   ++........              (no amulet)
HPRegen 0.09/turn               (no ring)
MPRegen 0.10/turn               (no ring)

@: no status effects
A: AC +5, unfitting armour, cold-blooded
a: no special abilities


You were on level 2 of the Dungeon.
You visited 1 branch of the dungeon, and saw 2 of its levels.

You collected 93 gold pieces.

Inventory:

Hand Weapons
 e - a +2 dagger of protection (weapon)
Scrolls
 c - 2 scrolls of teleportation {unknown}
 d - 2 scrolls of acquirement {unknown}
 f - a scroll of magic mapping {unknown}
 g - a scroll of poison {unknown}
Potions
 a - a potion of magic
 b - a potion of heal wounds {unknown}


   Skills:
 + Level 0.3 Fighting
 + Level 0.2 Short Blades
 + Level 2.1 Dodging
 + Level 2.0 Stealth
 + Level 2.1 Spellcasting
 + Level 1.0 Transmutations
 + Level 3.7 Earth Magic


You had 5 spell levels left.
You knew the following spells:

 Your Spells              Type           Power      Damage    Failure   Level
a - Sandblast             Erth           28%        2d8       4%          1

Your spell library contained the following spells:

 Spells                   Type           Power      Damage    Failure   Level
 Passwall                 Tmut/Erth      7%         N/A       11%         2
 Summon Small Mammal      Summ           4%         N/A       19%         1
 Stone Arrow              Conj/Erth      16%        3d8       26%         3
 Call Canine Familiar     Summ           1%         N/A       50%         3
 Summon Guardian Golem    Hex/Summ       1%         N/A       50%         3
 Petrify                  Tmut/Erth      9%         N/A       56%         4


Dungeon Overview and Level Annotations

Branches:
Dungeon (2/15)

Altars:

Annotations:
D:2 Terence


Innate Abilities, Weirdness & Mutations

Your plain brown scales are hard. (AC +5)
You cannot fit into any form of body armour.
You are cold-blooded and may be slowed by cold attacks.


Message History

You kill the rat!
You hear a shout!
Casting: Sandblast (safe; 4% risk of failure)
Confirm with . or Enter, or press ? or * to list all spells.
Aiming: Sandblast (safe; 4% risk of failure)
Press: ? - help, Shift-Dir - straight line, f - Terence
Aim: Terence, wielding a +0 morningstar and wearing a +2 scale mail of poison resistance (84% to hit)
The blast of sand hits Terence but does no damage.
Terence says, "Time to say good-bye..."
Casting: Sandblast (safe; 4% risk of failure)
Confirm with . or Enter, or press ? or * to list all spells.
Aiming: Sandblast (safe; 4% risk of failure)
Press: ? - help, Shift-Dir - straight line, f/p - Terence
Aim: Terence, wielding a +0 morningstar and wearing a +2 scale mail of poison resistance (84% to hit)
The blast of sand hits Terence but does no damage.
Terence closely misses you. Terence hits you with a +0 morningstar!
Ouch! That really hurt!
Casting: Sandblast (safe; 4% risk of failure)
Confirm with . or Enter, or press ? or * to list all spells.
Aiming: Sandblast (safe; 4% risk of failure)
Press: ? - help, Shift-Dir - straight line, f/p - Terence
Aim: Terence, wielding a +0 morningstar and wearing a +2 scale mail of poison resistance (84% to hit)
The blast of sand hits Terence but does no damage.
Terence hits you with a +0 morningstar.
Casting: Sandblast (safe; 4% risk of failure)
Confirm with . or Enter, or press ? or * to list all spells.
Aiming: Sandblast (safe; 4% risk of failure)
Press: ? - help, Shift-Dir - straight line, f/p - Terence
Aim: Terence, wielding a +0 morningstar and wearing a +2 scale mail of poison resistance (84% to hit)
The blast of sand hits Terence but does no damage.
Terence barely misses you. Terence closely misses you.
Casting: Sandblast (safe; 4% risk of failure)
Confirm with . or Enter, or press ? or * to list all spells.
Aiming: Sandblast (safe; 4% risk of failure)
Press: ? - help, Shift-Dir - straight line, f/p - Terence
Aim: Terence, wielding a +0 morningstar and wearing a +2 scale mail of poison resistance (84% to hit)
The blast of sand hits Terence but does no damage.
Terence hits you with a +0 morningstar!
Ouch! That really hurt!
You die...

#. #....# #.#....##....
..## #..<...##.#......
# ####.####.......#.#
.........#..#.# #
############.#..#......
≈≈≈≈≈#..........#..#.#
....≈# ..# #.....@...#
....≈# #.# #....@.#
≈...§###.######.###
...[≈##.....)..)..#
...§≈##..######(#.#
≈≈≈§§#.....# #.#.#
...§≈#.....# #.. .
)...≈#....<# ###.##
≈...≈#.....# .#
....§#.....# #


You could see Terence.

Vanquished Creatures
  An adder (D:2)
  A dart slug (D:2)
  An endoplasm (D:2)
  2 goblins (D:2)
  3 hobgoblins
  3 quokkas (D:1)
  A bat (D:2)
  2 frilled lizards (D:1)
  6 kobolds
  3 rats
23 creatures vanquished.

Notes
Turn   | Place    | Note
-------+----------+-------------------------------------------
     0 | D:1      | javelincjr the Draconian Earth Elementalist began the quest
                  | for the Orb.
     0 | D:1      | Reached XP level 1. HP: 14/14 MP: 3/3
   605 | D:1      | Reached XP level 2. HP: 20/20 MP: 5/5
   694 | D:1      | Found a faded altar of an unknown god.
  1650 | D:2      | Reached XP level 3. HP: 26/26 MP: 3/6
  1832 | D:2      | Noticed Terence
  1840 | D:2      | Slain by Terence

Illustrated notes

Levels and vault maps discovered:
D:1:      nicolae_arrival_somewhat_less_tricky_arrival, layout_basic,
          shapermc_ecumenical_altar_acropolis
D:2:      minmay_spotlight, layout_loops_cross, kennysheep_generic_room_16,
          uniq_terence

Skill      XL: |  1  2 |
---------------+-------+-----
Dodging        | 2 |  2.1
Stealth        | 2 |  2.0
Fighting       | |  0.3
Short Blades   | |  0.2
Spellcasting   | |  2.1
Transmutations | |  1.0
Earth Magic    | |  3.7

Action                   || total
-------------------------++-------
Melee: Dagger            ||    45
       Unarmed           ||     4
       Tailslap          ||     6
       Punch             ||     2
 Cast: Sandblast         ||    18
 Stab: Sleeping          ||     2
Armor: Skin              ||    23
Dodge: Dodged            ||    30
